 Dungeon Crawl Stone Soup version 0.20.1-1-g8b1a95d (webtiles) character file.

1682 Irenicus the Cleaver (level 8, -2/69 HPs)
             Began as a Deep Dwarf Monk on Oct 21, 2017.
             Slain by Duvessa
             ... wielding a +3 short sword of electrocution
              (9 damage)
             ... on level 6 of the Dungeon.
             The game lasted 00:15:44 (3870 turns).

Irenicus the Cleaver (Deep Dwarf Monk)              Turns: 3870, Time: 00:15:45

Health: -2/69      AC:  2    Str: 21    XL:     8   Next: 71%
Magic:  6/6        EV: 15    Int: 12    God:
Gold:   281        SH:  0    Dex: 17    Spells: 7/7 levels left

rFire    . . .     SeeInvis .   w - +1 spear (distort)
rCold    + . .     Gourm    .   (no shield)
rNeg     . . .     Faith    .   i - +0 robe {rC+}
rPois    .         Spirit   .   (no helmet)
rElec    .         Reflect  .   (no cloak)
rCorr    .         Harm     .   (no gloves)
MR       +....                  (no boots)
Stlth    +++.......             (no amulet)
Regen    0.0/turn               q - ring of stealth
MPRegen  0.1/turn               e - ring of flight

@: mighty, non-regenerating
A: damage resistance, heal wounds, hooves 1, blurry vision 1, sense surroundings
1, strong 1, no regeneration
a: Heal Wounds, Evoke Flight


You were on level 6 of the Dungeon.
You were hungry.

You visited 1 branch of the dungeon, and saw 6 of its levels.
You also visited: Ossuary.

You collected 281 gold pieces.

Inventory:

Hand Weapons
 k - a +0 hand axe
 w - a +1 spear of distortion (weapon)
Armour
 i - a +0 robe of cold resistance (worn)
 m - a +2 chain mail of positive energy
Jewellery
 e - a ring of flight (right hand)
 q - a ring of stealth (left hand)
Wands
 h - a wand of polymorph (0/24)
Scrolls
 d - 3 scrolls of magic mapping
 g - a scroll of blinking
 j - 5 scrolls of identify {unknown}
 n - 3 scrolls of fog
 r - 4 scrolls of teleportation {unknown}
 s - 4 scrolls of recharging {unknown}
 t - 3 scrolls of enchant weapon {unknown}
 u - 3 scrolls of immolation {unknown}
 y - a scroll of remove curse
 C - a scroll of silence {unknown}
Potions
 a - a potion of heal wounds
 p - 6 potions of curing
 x - a potion of agility
 A - 2 potions of lignification {unknown}
 B - 2 potions of flight {unknown}
Books
 b - a book of Frost

   Spells                             Type                      Level
   a - Freeze                         Ice                          1
   b - Throw Frost                    Conjuration/Ice              2
   c - Ozocubu's Armour               Charms/Ice                   3
   d - Throw Icicle                   Conjuration/Ice              4
   e - Summon Ice Beast               Ice/Summoning                4
 v - a book of Misfortune

   Spells                             Type                      Level
   a - Confusing Touch                Hexes                        1
   b - Confuse                        Hexes                        3
   c - Gell's Gravitas                Translocation                3
   d - Petrify                        Transmutation/Earth          4
   e - Metabolic Englaciation         Hexes/Ice                    5
   f - Yara's Violent Unravelling     Hexes/Transmutation          5
Comestibles
 c - 3 bread rations
 f - a royal jelly
 l - 3 fruits
 o - a meat ration


   Skills:
 - Level 3.0 Fighting
 - Level 11.1(11.3) Axes
 + Level 3.1(6.7) Polearms
 - Level 5.0 Dodging
 - Level 2.4 Stealth
 - Level 0.3 Evocations


You had 7 spell levels left.
You didn't know any spells.

Dungeon Overview and Level Annotations

Branches:
Dungeon (6/15)             Temple (0/1) D:6

Altars:
Elyvilon
Sif Muna
The Shining One

Annotations:
D:3 exclusion: worm, markt42's ghost, amateur GrFi
D:6 Dowan; Duvessa


Innate Abilities, Weirdness & Mutations

You are resistant to damage.
You can heal yourself by infusing magical energy.
You passively map a small area around you.
You do not regenerate.
You have large cloven feet.
Scrolls take you a little longer to read.
Your muscles are strong. (Str +2)


Message History

Press: ? - help, Dir - move target cursor, f/p - Duvessa
Aim: Duvessa, wielding a short sword of electrocution and wearing a leather armour You hit Duvessa.
Space warps horribly around Duvessa!
You kick Duvessa, but do no damage.
Duvessa is severely wounded.
Attack whom?
Press: ? - help, Dir - move target cursor, f/p - Duvessa
Aim: Duvessa, wielding a short sword of electrocution and wearing a leather armour (severely wounded)
You hit Duvessa but do no damage. You kick Duvessa, but do no damage.
Duvessa is severely wounded.
Duvessa blinks!
It was a potion of might.
You feel very mighty all of a sudden.
Attack whom?
Press: ? - help, Dir - move target cursor, f/p - Duvessa
Aim: Duvessa, wielding a short sword of electrocution and wearing a leather armour (severely wounded)
You barely miss Duvessa. You kick Duvessa.
Duvessa is almost dead.
Duvessa hits you with a short sword of electrocution!
You die...

## #...# *,..,*,,*,*,** ####
#...######*..,,*,,*,*,** ...#
#........#*.#>,,.,,,,,,,
##.#######....###.##>,,.e.,*,,,,,
##..................##....,,,,,,,
#.........................,,,,,,,
#..............)....#*,***,,>,,,,
#..#######....###e###*,***,,,,,,,
...# #......@.# *,**,,,,,,,, ..##
#...###### *,**,,,,,,,, ..#
***#...# *,**,,,,,,,, ..#
*#.##...# *,**,,,,,,,, .##
*,#.....# *,,,,,,,,,,, .#
**#.##...# ****,,,,,,,,
##***.....####* *,,,,,,,,
**,,,...#.*,,,** *,,,,,,,,
,,,,,..,#.,***,******* *,,,,,<,,


You could see Duvessa.

Vanquished Creatures
  Pikel (D:4)
  A moth of wrath (D:4)
  A slave (D:4)
  A phantom (D:5)
  2 bullfrogs
  A gnoll sergeant (D:5)
  2 water moccasin zombies (Ossuary)
  A scorpion (D:4)
  A bullfrog skeleton (D:5)
  2 hounds (D:4)
  An orc wizard (D:5)
  A centaur skeleton (D:4)
  Ijyb (D:4)
  An iguana (D:5)
  A hound skeleton (D:4)
  A mummy (Ossuary)
  A howler monkey zombie (D:5)
  7 gnolls
  5 adders
  7 adder zombies (Ossuary)
  An ooze (D:5)
  An adder skeleton (D:5)
  2 worms
  2 dart slugs (D:1)
  4 leopard geckos
  3 orcs (D:5)
  5 bats
  5 giant cockroaches
  4 gnoll zombies (Ossuary)
  8 goblins
  6 hobgoblins
  6 jackals
  2 quokkas
  10 frilled lizards
  2 kobolds
  3 kobold zombies (Ossuary)
  2 leopard gecko zombies (D:5)
  6 orc zombies (Ossuary)
  9 rats
120 creatures vanquished.

Vanquished Creatures (others)
  2 slaves (D:4)
  An iguana (D:5)
  A mummy (Ossuary)
  2 adder zombies (Ossuary)
  A worm (D:4)
  An orc (D:5)
  A gnoll zombie (Ossuary)
  A kobold zombie (Ossuary)
  2 orc zombies (Ossuary)
12 creatures vanquished.

Grand Total: 132 creatures vanquished

Notes
Turn   | Place    | Note
-------+----------+-------------------------------------------
     0 | D:1      | Irenicus the Deep Dwarf Monk began the quest for the Orb.
     0 | D:1      | Reached XP level 1. HP: 20/20 MP: 1/1
   146 | D:1      | Reached skill level 4 in Axes
   146 | D:1      | Reached XP level 2. HP: 20/27 MP: 2/2
   503 | D:1      | Reached XP level 3. HP: 19/33 MP: 3/3
   748 | D:2      | Reached skill level 5 in Axes
   837 | D:2      | Reached XP level 4. HP: 14/40 MP: 4/4
  1133 | D:2      | HP: 1/40 [gnoll/halberd (13)]
  1520 | D:3      | Reached skill level 6 in Axes
  1562 | D:3      | Found a faded altar of an unknown god.
  1562 | D:3      | Found a glowing golden altar of the Shining One.
  1567 | D:3      | Found a faded altar of an unknown god.
  1569 | D:3      | Found a white marble altar of Elyvilon.
  1571 | D:3      | Found a deep blue altar of Sif Muna.
  1857 | D:3      | Noticed markt42's ghost (amateur GrFi)
  1957 | D:4      | Noticed Pikel
  1961 | D:4      | Noticed Ijyb
  1977 | D:4      | Reached XP level 5. HP: 6/46 MP: 5/5
  1994 | D:4      | Noticed a slave
  1994 | D:4      | Noticed a slave
  1997 | D:4      | Noticed a slave
  1999 | D:4      | Noticed a slave
  2024 | D:4      | Gained mutation: Your muscles are strong. (Str +2) [potion of mutation]
  2024 | D:4      | Gained mutation: Scrolls take you a little longer to read. [potion of mutation]
  2024 | D:4      | Gained mutation: You have large cloven feet. [potion of mutation]
  2032 | D:4      | Killed a slave
  2044 | D:4      | Reached skill level 7 in Axes
  2069 | D:4      | Killed Pikel
  2069 | D:4      | Reached skill level 9 in Axes
  2069 | D:4      | Reached XP level 6. HP: 38/55 MP: 5/5
  2069 | D:4      | Reached XP level 7. HP: 42/61 MP: 6/6
  2088 | D:4      | Killed Ijyb
  2273 | D:4      | Noticed a two-headed ogre
  2278 | D:4      | Noticed a moth of wrath
  2278 | D:4      | a two-headed ogre changed into a moth of wrath
  2286 | D:4      | Killed a moth of wrath
  2286 | D:4      | Reached skill level 10 in Axes
  2286 | D:4      | Reached XP level 8. HP: 68/68 MP: 7/7
  2394 | D:5      | Entered Level 5 of the Dungeon
  2415 | D:5      | Reached skill level 11 in Axes
  2796 | D:5      | Reached skill level 5 in Dodging
  2812 | D:5      | Found a sand-covered staircase.
  2821 | Ossuary  | Entered an ossuary
  2846 | Ossuary  | Reached skill level 1 in Polearms
  3861 | D:6      | Noticed Duvessa
  3862 | D:6      | Noticed Dowan
  3870 | D:6      | Slain by Duvessa

Skill      XL: |  1  2  3  4  5  6  7  8 |
---------------+-------------------------+-----
Axes           | 4 5 6 9 10 11 | 11.1
Fighting       | 3 |  3.0
Dodging        | 5 |  5.0
Polearms       | 3 |  3.1
Stealth        | |  2.4
Evocations     | |  0.3

Action                   |  1- 3 |  4- 6 |  7- 9 || total
-------------------------+-------+-------+-------++-------
Melee: Hand axe          |    95 |   135 |    91 ||   321
       Spear             |       |    29 |   128 ||   157
       Unarmed           |       |    21 |       ||    21
       Kick              |       |    10 |    64 ||    74
 Abil: Heal Wounds       |       |     5 |     5 ||    10
Evoke: Wand              |       |       |     1 ||     1
  Use: Potion            |     1 |     5 |     2 ||     8
       Scroll            |       |     5 |     1 ||     6
 Stab: Sleeping          |     6 |     8 |    19 ||    33
       Confused          |       |     4 |       ||     4
  Eat: Chunk             |       |     4 |     3 ||     7
       Fruit             |       |       |     3 ||     3
Armor: Robe              |    17 |    12 |    11 ||    40
       Skin              |       |     2 |       ||     2
Dodge: Dodged            |    68 |   139 |    70 ||   277
